 Dungeon Crawl Stone Soup version 0.20-a0-1122-gb7cbeb9 (webtiles) character file.

4125 Vanquol the Spear-Bearer (level 10, 0/70 HPs)
             Began as a Demonspawn Abyssal Knight on May 11, 2017.
             Was a Priest of Lugonu.
             Slain by a gnoll sergeant
             ... wielding a +0 halberd
              (4 damage)
             ... in a bailey.
             The game lasted 01:28:25 (12149 turns).

Vanquol the Spear-Bearer (DsAK)                    Turns: 12149, Time: 01:28:26

Health: 0/70       AC: 11    Str: 16    XL:     10   Next: 6%
Magic:  16/17      EV:  1    Int: 13    God:    Lugonu [***...]
Gold:   313        SH:  7    Dex: 15    Spells: 9/9 levels left

rFire    + . .     SeeInvis .   s - +1 trident (flame)
rCold    . . .     Gourm    .   d - +0 shield
rNeg     . . .     Faith    .   v - +0 plate armour
rPois    +         Spirit   .   n - +0 hat
rElec    .         Reflect  .   t - +0 cloak {rPois}
rCorr    +         Harm     .   (no gloves)
MR       .....                  (no boots)
Stlth    ..........             (no amulet)
Regen    0.3/turn               i - ring of protection from fire
MPRegen  0.2/turn               e - ring of resist corrosion

@: glowing
A: horns 2, thin skeletal structure 1, demonic guardian 1
a: Depart the Abyss, Bend Space, Banish, Renounce Religion


You were in a bailey.
You worshipped Lugonu.
Lugonu was most pleased with you.
You were not hungry.

You visited 1 branch of the dungeon, and saw 9 of its levels.
You visited the Abyss 1 time.
You also visited: Bailey.

You collected 445 gold pieces.
You spent 132 gold pieces at shops.

Inventory:

Hand Weapons
 s - a +1 trident of flaming (weapon)
 w - a +1 flail of venom
Missiles
 l - 184 stones (quivered)
Armour
 d - a +0 shield (worn)
 g - a -2 chain mail
 n - a +0 hat (worn)
 t - a +0 cloak of poison resistance (worn)
 v - a +0 plate armour (worn)
 y - a +2 robe of positive energy
Jewellery
 e - a ring of resist corrosion (right hand)
 i - a ring of protection from fire (left hand)
Wands
 h - a wand of digging (14/24)
 p - a wand of random effects (14/48)
Scrolls
 c - 3 scrolls of remove curse
 r - a scroll of blinking
 x - 2 scrolls of identify
 z - a scroll of fear
 D - a scroll of fog
Potions
 a - a potion of lignification {unknown}
 b - a potion of might
 f - 2 potions of curing
 j - a potion of invisibility {unknown}
 q - a potion of flight {unknown}
 A - 3 potions of agility {unknown}
Comestibles
 k - 4 royal jellies
 m - 15 fruits
 o - 2 chunks of flesh


   Skills:
 - Level 3.1 Fighting
 * Level 11.4 Polearms
 - Level 1.7 Armour
 - Level 0.8 Dodging
 - Level 10.0 Invocations


You had 9 spell levels left.
You didn't know any spells.

Dungeon Overview and Level Annotations

Branches:
Dungeon (9/15)             Temple (0/1) D:7
   Lair: D:8-11         Orc: D:9-12

Altars:
Okawaru

Shops:
D:5 !

Annotations:
D:9 corrupted


Innate Abilities, Weirdness & Mutations

You have a pair of horns on your head.
You have a somewhat thin skeletal structure. (Dex +2, Stealth)
A weak demonic guardian rushes to your aid.


Message History

You start resting.
Blink to where?
You can't see that place. [the floor.]
Okay, then.
Okay, then.
As you read the scroll of fear, it crumbles to dust.
You assume a fearsome visage.
The gnoll sergeant looks frightened!
A gnoll is nearby!
Aim: a gnoll, wielding a halberd and wearing a chain mail (hasn't noticed you)
The gnoll shouts!
The gnoll resists with significant effort.
Evoking this partially-identified wand wasted a few charges.
Aim: a gnoll, wielding a halberd and wearing a chain mail The puff of frost misses the gnoll.
Evoking this partially-identified wand wasted a few charges.
You feel yourself speed up.
The gnoll throws a throwing net.
The throwing net hits you.
You become entangled in the net!
Aim: a gnoll, wielding a halberd and wearing a chain mail The gnoll flickers and vanishes!
Deactivating autopickup; reactivate with Ctrl-A.
Evoking this partially-identified wand wasted a few charges.
As you read the scroll of teleportation, it crumbles to dust.
You feel strangely unstable. Something hits you but does no damage.
You struggle against the net.
Something hits you.
* * * LOW HITPOINT WARNING * * *
You take 6 damage, and have 1/70 hp.
You feel better. Something hits you but does no damage.
You regained 10 hp, and now have 11/70 hp.
You feel better.
Your surroundings suddenly seem different.
A gnoll shaman comes into view. It is wielding a trident.
The gnoll shaman shouts!
A gnoll comes into view. It is wielding a spear.
The gnoll shouts!
A gnoll sergeant comes into view. It is wielding a halberd.
The gnoll sergeant shouts!
A gnoll shaman comes into view. It is wielding a spear.
The gnoll shaman shouts! 2 gnoll sergeants come into view.
You regained 8 hp, and now have 19/70 hp.
Space bends sharply around you!
You blink.
The gnoll sergeant hits you but does no damage.
You take 2 damage, and have 17/70 hp.
You now have 16/17 mp.
The gnoll shaman hits you but does no damage.
Your ufetubus hits the gnoll sergeant but does no damage. x2
The gnoll sergeant hits you from afar with a halberd.
* * * LOW HITPOINT WARNING * * *
The gnoll sergeant hits you from afar with a halberd!
* * * LOW HITPOINT WARNING * * *
You take 13 damage, and have 4/70 hp.
Your ufetubus closely misses the gnoll sergeant.
Your ufetubus barely misses the gnoll sergeant.
The gnoll shaman invokes the aid of its god against you.
You are outlined in light.
The gnoll sergeant hits you from afar with a halberd.
You die...

♣♣♣♣♣ ♣♣≈≈≈ ♣♣≈≈.. #######
♣.≈..# #.8g..# ≈♣ ♣♣.≈..#
#..g5.# ..≈♣ ♣♣..≈..# #.gg.@+
#..≈♣ ♣...≈..# #.gg##### #..≈♣
♣...≈..# +..##.g.## #..≈♣
♣♣...≈..######.....###+##..≈♣
♣♣....)..'...#...$...#......≈♣
..∩(.....'...'...8..))...)..≈♣
♣♣....)..'...#...$.g.#§§....≈♣
♣♣...≈..######.....###+##..≈♣
♣♣..≈.g# ##...## #..≈♣


You could see 3 gnoll sergeants, 2 gnoll shamans, a gnoll and a friendly
ufetubus.

Vanquished Creatures
  A two-headed ogre (D:9)
  A hungry ghost (D:4)
  Edmund (D:6)
  The ghost of walesgrey the Grave Robber, an amateur DENe (D:5)
  An orc warrior (D:8)
  An ice beast (D:5)
  A sky beast (D:6)
  A necrophage (D:8)
  2 centaurs
  2 big kobolds
  Blork the orc (D:6)
  3 bullfrogs (D:6)
  A gnoll sergeant (D:8)
  4 scorpions
  3 howler monkeys (D:8)
  5 crimson imps
  4 bullfrog zombies
  2 jellies
  A centaur zombie (D:7)
  7 hounds
  2 orc wizards (D:5)
  A centaur skeleton (D:6)
  2 gnoll shamans (Bailey)
  2 orc priests
  Crazy Yiuf (D:6)
  4 iguanas
  7 worker ants
  A killer bee zombie (D:6)
  A hound skeleton (D:8)
  A worker ant zombie (D:6)
  8 gnolls
  7 adders
  2 shadow imps
  2 oozes
  An adder skeleton (D:4)
  2 worms (D:3)
  2 dart slugs
  6 leopard geckos
  28 orcs
  10 giant cockroaches
  11 goblins
  7 hobgoblins
  14 jackals
  A quokka (D:4)
  2 ball pythons
  10 bats
  2 frilled lizards
  12 kobolds
  A leopard gecko zombie (D:5)
  A quokka zombie (D:7)
  13 rats
  A bush (D:6)
  A fungus (D:6)
209 creatures vanquished.

Vanquished Creatures (collateral kills)
  Prince Ribbit (D:7)
  A sky beast (D:7)
  3 ogres
  An orc priest (D:4)
  A killer bee zombie (D:9)
  An adder (D:3)
  4 orcs
  4 goblins (D:3)
  A hobgoblin (D:3)
  A jackal (D:3)
  A bat (D:3)
19 creatures vanquished.

Vanquished Creatures (others)
  A troll (D:9)
  A sky beast (D:9)
  A black bear (D:9)
  An orc warrior (D:8)
  An ogre (D:4)
  A big kobold (D:9)
  A bullfrog (D:9)
  3 killer bees (D:9)
  A crimson imp (D:9)
  2 hounds (D:9)
  2 orc priests
  2 orc wizards (D:9)
  An adder (D:9)
  2 orcs (D:9)
  5 kobolds (D:9)
  2 starspawn tentacles (D:9)
27 creatures vanquished.

Grand Total: 255 creatures vanquished

Notes
Turn   | Place    | Note
-------+----------+-------------------------------------------
     0 | Abyss:1  | Vanquol the Demonspawn Abyssal Knight began the quest for the Orb.
     0 | Abyss:1  | Reached XP level 1. HP: 18/18 MP: 2/2
     0 | Abyss:1  | Found a corrupted altar of Lugonu.
    55 | D:1      | You pass through the gate.
    55 | D:1      | Escaped the Abyss
   236 | D:1      | Reached * piety under Lugonu
   313 | D:1      | Reached skill level 2 in Polearms
   333 | D:1      | Gained mutation: A weak demonic guardian rushes to your aid. [demonic ancestry]
   333 | D:1      | Reached XP level 2. HP: 18/24 MP: 4/4
   453 | D:1      | Reached skill level 3 in Invocations
  1004 | D:1      | Reached XP level 3. HP: 26/29 MP: 5/5
  1362 | D:2      | Reached ** piety under Lugonu
  1537 | D:2      | Reached skill level 3 in Polearms
  1801 | D:2      | Reached skill level 4 in Invocations
  2002 | D:2      | Gained mutation: You have a pair of small horns on your head. [demonic ancestry]
  2002 | D:2      | Reached XP level 4. HP: 35/35 MP: 7/7
  2719 | D:3      | Noticed a centaur
  2722 | D:3      | Reached XP level 5. HP: 40/41 MP: 8/8
  2729 | D:3      | Killed a centaur
  2729 | D:3      | Reached skill level 4 in Polearms
  2729 | D:3      | Reached skill level 5 in Invocations
  2910 | D:3      | Reached *** piety under Lugonu
  3095 | D:3      | Noticed an ogre
  3100 | D:3      | HP: 14/41 [goblin/dagger of electrocution (20)]
  3133 | D:3      | HP: 7/41 [ogre/giant spiked club (6)]
  3154 | D:3      | Killed an ogre
  3154 | D:3      | Gained mutation: You have a pair of horns on your head. [demonic ancestry]
  3154 | D:3      | Reached XP level 6. HP: 9/47 MP: 8/10
  4044 | D:4      | Reached skill level 5 in Polearms
  4469 | D:4      | HP: 13/47 [ogre/giant spiked club (18)]
  4761 | D:4      | Reached skill level 6 in Invocations
  4920 | D:4      | HP: 17/47 [orc/flail (2)]
  4922 | D:4      | HP: 5/47 [orc priest/divine providence (13)]
  4929 | D:4      | Gained mutation: You have a somewhat thin skeletal structure. (Dex +2, Stealth) [demonic ancestry]
  4929 | D:4      | Reached XP level 7. HP: 4/52 MP: 5/11
  5243 | D:4      | Noticed a hungry ghost
  5253 | D:4      | Killed a hungry ghost
  5585 | D:5      | Entered Level 5 of the Dungeon
  5592 | D:5      | Reached skill level 6 in Polearms
  5600 | D:5      | Found Joer's Distillery.
  5616 | D:5      | Bought a potion of curing for 36 gold pieces
  5616 | D:5      | Bought a potion of might for 48 gold pieces
  5616 | D:5      | Bought a potion of might for 48 gold pieces
  5872 | D:5      | HP: 20/52 [something/magic dart (5)]
  5877 | D:5      | HP: 15/52 [something/puff of flame (3)]
  5885 | D:5      | HP: 20/52 [orc/short sword (1)]
  5892 | D:5      | Reached skill level 7 in Invocations
  6332 | D:5      | Noticed walesgrey's ghost (amateur DENe)
  6348 | D:5      | Killed walesgrey's ghost
  6544 | D:5      | Reached skill level 7 in Polearms
  6544 | D:5      | Reached XP level 8. HP: 56/58 MP: 13/13
  7469 | D:6      | Reached skill level 8 in Invocations
  7487 | D:6      | Noticed Edmund
  7499 | D:6      | Killed Edmund
  7499 | D:6      | Reached skill level 8 in Polearms
  7835 | D:6      | Noticed Blork the orc
  7863 | D:6      | Killed Blork the orc
  8374 | D:6      | Found a runed door.
  8442 | D:6      | Noticed Crazy Yiuf
  8444 | D:6      | Killed Crazy Yiuf
  8536 | D:6      | Reached skill level 9 in Invocations
  8603 | D:6      | Reached skill level 9 in Polearms
  8646 | D:6      | Reached XP level 9. HP: 59/63 MP: 15/15
  8685 | D:6      | Reached **** piety under Lugonu
  9443 | D:7      | Found a staircase to the Ecumenical Temple.
  9443 | D:7      | Noticed Prince Ribbit
  9450 | D:7      | Killed Prince Ribbit
  9950 | D:8      | Reached skill level 10 in Invocations
  9989 | D:8      | Reached skill level 10 in Polearms
 10170 | D:8      | HP: 21/63 [orc warrior/glaive (8)]
 10173 | D:8      | HP: 6/63 [orc warrior/glaive (7)]
 10178 | D:8      | HP: 5/63 [orc warrior/glaive (6)]
 10512 | D:8      | HP: 20/63 [orc warrior/short sword (13)]
 11708 | D:9      | Corrupted D:9
 11708 | D:9      | Noticed a blizzard demon
 11708 | D:9      | Noticed a thrashing horror
 11708 | D:9      | Noticed a large abomination
 11708 | D:9      | Noticed a large abomination
 11708 | D:9      | Noticed a glowing orange brain
 11708 | D:9      | Noticed a purple very ugly thing
 11708 | D:9      | Noticed a large abomination
 11708 | D:9      | Noticed a large abomination
 11708 | D:9      | Noticed a tentacled starspawn
 11710 | D:9      | Noticed a kobold demonologist
 11710 | D:9      | Noticed a tentacled starspawn
 11711 | D:9      | Noticed a tentacled starspawn
 11716 | D:9      | Noticed a thrashing horror
 11716 | D:9      | Found an iron altar of Okawaru.
 11770 | D:9      | Killed a troll
 11937 | D:9      | Noticed a two-headed ogre
 11944 | D:9      | Killed a two-headed ogre
 11944 | D:9      | Reached skill level 11 in Polearms
 11944 | D:9      | Reached XP level 10. HP: 64/70 MP: 17/17
 11945 | D:9      | Found a flagged portal.
 11975 | Bailey   | Entered a bailey
 12020 | Bailey   | HP: 26/70 [gnoll/trident (10)]
 12037 | Bailey   | HP: 14/70 [gnoll sergeant/halberd (1)]
 12046 | Bailey   | HP: 13/70 [gnoll shaman/spear (2)]
 12104 | Bailey   | HP: 24/105 [gnoll shaman/halberd (12)]
 12123 | Bailey   | HP: 20/70 [gnoll sergeant/halberd (1)]
 12125 | Bailey   | HP: 9/70 [gnoll sergeant/halberd (5)]
 12126 | Bailey   | HP: 4/70 [gnoll sergeant/halberd (5)]
 12144 | Bailey   | HP: 1/70 [something (6)]
 12149 | Bailey   | Slain by a gnoll sergeant

Vault maps used:
D:1:      scummos_arrival_checkerplants
D:3:      minmay_ogre_servants
D:4:      minmay_thick_lines, first_bread
D:5:      serial_shops, shop
D:6:      uniq_crazy_yiuf_cottage, uniq_blork_the_orc, uniq_edmund
D:7:      temple_pool_b, uniq_prince_ribbit1
D:9:      okawaru_trees_1, enter_bailey_2, blue_anna_alchemist
Bailey:   bailey_polearm_gnolls_kennysheep, bailey

Skill      XL: |  1  2  3  4  5  6  7  8  9 |
---------------+----------------------------+-----
Polearms       | 2 3 4 5 7 9 11 | 11.4
Invocations    | 3 4 5 6 7 9 10 | 10.0
Fighting       | |  3.1
Armour         | |  1.7
Dodging        | |  0.8

Action                   |  1- 3 |  4- 6 |  7- 9 | 10-12 || total
-------------------------+-------+-------+-------+-------++-------
Melee: Spear             |   187 |   160 |       |       ||   347
       Headbutt          |       |    28 |   108 |     5 ||   141
       Trident           |       |    19 |   492 |    21 ||   532
Invok: Depart the Abyss  |     1 |       |       |       ||     1
       Bend Space        |       |     4 |     3 |     2 ||     9
       Banish            |       |     2 |     3 |       ||     5
       Corrupt           |       |       |     1 |       ||     1
Evoke: Wand              |       |       |       |     3 ||     3
  Use: Scroll            |     5 |     9 |     2 |     4 ||    20
       Potion            |       |     2 |     6 |     4 ||    12
  Eat: Bread ration      |     1 |       |     2 |       ||     3
       Chunk             |       |     4 |     6 |     1 ||    11
       Meat ration       |       |     2 |     1 |       ||     3
       Fruit             |       |       |     4 |       ||     4
Armor: Leather armour    |    27 |       |       |       ||    27
       Chain mail        |   109 |   102 |    29 |       ||   240
       Plate armour      |       |       |   203 |    33 ||   236
Dodge: Dodged            |    34 |    14 |    31 |     4 ||    83
Block: Shield            |    72 |    61 |   123 |    22 ||   278

Table legend:
 A = Kills in this place as a percentage of kills in entire the game.
 B = Kills by you in this place as a percentage of kills by you in the entire game.
 C = Kills by friends in this place as a percentage of kills by friends in the entire game.
 D = Other kills in this place as a percentage of other kills in the entire game.
 E = Experience gained in this place as a percentage of experience gained in the entire game.
 F = Experience gained in this place divided by the number of levels of this place that you have seen.
                   A       B       C       D       E      F
               +-------+-------+-------+-------+-------+----------------------
         Total | 100.0 | 100.0 | 100.0 | 100.0 | 100.0 | 535.7
       Dungeon |  96.5 |  96.1 | 100.0 | 100.0 |  96.1 | 629.4
        Bailey |   3.5 |   3.9 |   0.0 |   0.0 |   3.9 | 228.0
               +-------+-------+-------+-------+-------+----------------------

Table legend:
 A = Turns spent in this place as a percentage of turns spent in the entire game.
 B = Non-inter-level travel turns spent in this place as a percentage of non-inter-level travel turns spent in the entire game.
 C = Inter-level travel turns spent in this place as a percentage of turns spent in this place.
 D = Turns resting spent in this place as a percentage of non-inter-level travel turns spent in this place.
 E = Turns spent auto-exploring this place as a percentage of non-inter-level travel turns spent in this place.
 F = Non-inter-level travel turns spent in this place divided by the number of levels of this place that you've seen.
                   A       B       C       D       E      F
               +-------+-------+-------+-------+-------+----------------------
         Total | 100.0 | 100.0 |   0.0 |   0.8 |   0.2 | 924.5
       Dungeon |  98.1 |  98.1 |   0.0 |   0.8 |   0.2 | 1108.4
         Abyss |   0.5 |   0.5 |   0.0 |   0.0 |   0.0 |  55.0
        Bailey |   1.4 |   1.4 |   0.0 |   4.3 |   0.0 | 139.0
               +-------+-------+-------+-------+-------+----------------------

Vault maps used:
D:1:      scummos_arrival_checkerplants
D:3:      minmay_ogre_servants
D:4:      minmay_thick_lines, first_bread
D:5:      serial_shops, shop
D:6:      uniq_crazy_yiuf_cottage, uniq_blork_the_orc, uniq_edmund
D:7:      temple_pool_b, uniq_prince_ribbit1
D:9:      okawaru_trees_1, enter_bailey_2, blue_anna_alchemist
Bailey:   bailey_polearm_gnolls_kennysheep, bailey
